 Dungeon Crawl Stone Soup version 0.17.0-24-gcfadda4 (webtiles) character file.

25 timbw the Ruffian (level 2, -1/26 HPs)
             Began as a Centaur Fighter on Nov 16, 2015.
             Slain by Natasha (6 damage)
             ... on level 3 of the Dungeon.
             The game lasted 00:02:54 (501 turns).

timbw the Ruffian (Centaur Fighter)                  Turns: 501, Time: 00:02:54

Health: -1/26      AC: 10    Str: 18    XL:     2   Next: 82%
Magic:  2/2        EV:  2    Int:  7    God:
Gold:   79         SH:  8    Dex:  8    Spells: 0 memorised, 1 level left

rFire  . . .     SeeInvis .       - Unarmed
rCold  . . .     Clarity  .     l - +0 chain mail
rNeg   . . .     SustAt   +     b - +0 shield
rPois  .         Gourm    .     (no helmet)
rElec  .         Spirit   .     (no cloak)
rCorr  .         Warding  .     k - +2 pair of gloves
rMut   .         Stasis   .     (no barding)
MR     .....                    (no amulet)
Stlth  ..........               (no ring)
                                i - ring of sustain attributes

@: very quick, not resistant to hostile enchantments, extremely unstealthy
A: hooves 3, deformed body, speed 2, tough skin 3
a: no special abilities


You were on level 3 of the Dungeon.
You were not hungry.

You visited 1 branch of the dungeon, and saw 3 of its levels.

You collected 79 gold pieces.

Inventory:

Armour
 a - a +0 scale mail
 b - a +0 shield (worn)
 k - a +2 pair of gloves (worn)
 l - a +0 chain mail (worn)
Jewellery
 i - a ring of sustain attributes (left hand)
Scrolls
 e - a scroll of enchant armour {unknown}
 h - a scroll of recharging {unknown}
Potions
 c - 2 potions of might
 f - a potion of magic {unknown}
 g - 2 potions of heal wounds {unknown}
 n - a potion of agility {unknown}
Books
 j - a book of the Tempests

   Spells                             Type                      Level
   a - Static Discharge               Conjuration/Air              3
   b - Lightning Bolt                 Conjuration/Air              5
   c - Fireball                       Conjuration/Fire             5
   d - Tornado                        Air                          9
   e - Shatter                        Earth                        9
 m - a book of Transfigurations

   Spells                             Type                      Level
   a - Stoneskin                      Transmutation/Earth          2
   b - Irradiate                      Conjuration/Transmutation    5
   c - Statue Form                    Transmutation/Earth          6
   d - Hydra Form                     Transmutation                6
   e - Dragon Form                    Transmutation                7
Comestibles
 d - a bread ration


   Skills:
 - Level 3.0 Fighting
 - Level 2.1 Armour
 - Level 2.1 Shields
 + Level 3.4 Unarmed Combat


You had one spell level left.
You didn't know any spells.

Dungeon Overview and Level Annotations

Branches:
Dungeon (3/15)

Altars:

Annotations:
D:3 Natasha


Innate Abilities, Weirdness & Mutations

You have hooves in place of feet.
Armour fits poorly on your strangely shaped body.
You cover ground very quickly.
You have extremely tough skin (AC +3).


Message History

You block Natasha's attack.
You hit Natasha.
Natasha is heavily wounded.
Natasha zaps a wand.
The puff of frost hits you!
You closely miss Natasha.
Natasha is heavily wounded.
Natasha claws you.
You closely miss Natasha. Your kick misses Natasha.
Natasha is heavily wounded.
Natasha stares at you and mumbles some strange words.
You resist with significant effort.
You closely miss Natasha. You kick Natasha.
Natasha is severely wounded.
Natasha zaps a wand.
The puff of frost hits you!
You closely miss Natasha.
Natasha is severely wounded.
Natasha zaps a wand.
The puff of frost hits you!
* * * LOW HITPOINT WARNING * * *
Natasha claws you.
You die...

.## ##.##.#
#................#
#.###..##.#
#.###............#
#(#.#.##.######.#
#.....#.....##
##)....#........#
########...##
##.......#####.# ###.#
#####)..#..# #.# #.#
#..........#
#.############.#
..........##
#..............#
..(..<.##.#
#@#..###########
#.#######.# #h#..# #.####
#.######.#..##### .#...#
#...............#
#.#..#####..........###.#
####.......#####.##.# #.#
# #..####### #.##.# #.#
.#.#.# #.##.# #†# #..#.#
# #.# #.#


You could see Natasha.

Vanquished Creatures
  An adder (D:3)
  A giant gecko (D:3)
  3 orcs (D:3)
  A hobgoblin (D:1)
  2 kobolds
  A ball python (D:1)
  A giant newt (D:2)
  A goblin (D:3)
  2 rats
13 creatures vanquished.

Notes
Turn   | Place    | Note
--------------------------------------------------------------
     0 | D:1      | timbw the Centaur Fighter began the quest for the Orb.
     0 | D:1      | Reached XP level 1. HP: 19/19 MP: 1/1
   224 | D:3      | Reached XP level 2. HP: 23/26 MP: 2/2
   487 | D:3      | Noticed Natasha
   501 | D:3      | Slain by Natasha

Action                   || total
-------------------------++-------
Melee: Unarmed           ||    64
